[Event "AI Cup Div-3 2023"]
[Site "Online"]
[Date "2023.09.25"]
[Round "2.1"]
[White "Kramnik, Vladimir"]
[Black "Martinez Alcantara, Jose Eduardo"]
[Result "0-1"]
[Annotator "TA"]
[ECO "E14"]
[WhiteElo "2753"]
[BlackElo "2611"]
[PlyCount "118"]
[EventDate "2023.09.18"]
[EventType "k.o."]
[EventCountry "NET"]
[SourceTitle "playchess.com"]
[Source "ChessBase"]
[SourceQuality "1"]
[TimeControl "900+3"]

1. d4 Nf6 2. Nf3 e6 3. e3 b6 4. Bd3 Bb7 5. O-O Be7 6. c4 O-O 7. Nc3 d5 8. cxd5 exd5 9. b3 a6 {[%emt 0:00:11] E14: Queen's Indian: Classical Variation (4 e3).} 10. Bb2 Bd6 11. Rc1 Nbd7 {[%emt 0:00:03] The position is equal.} 12. Ne2 Re8 {[%emt 0:00:03] Wards off Ne5 The main line 12...Re8 scores better than 12...Qe7.} 13. Ng3 g6 14. Rc2 Qe7 15. Qe2 c6 16. Rfc1 a5 {[%emt 0:00:01] [#]} 17. Qd1 $146 (17. a4 {seems wilder.} Ng4 18. Nd2 Qh4 19. Ndf1) ({Predecessor:} 17. a4 h5 18. Nf1 Ne4 19. N3d2 Ndf6 20. f3 Nxd2 21. Qxd2 Ba3 22. Bxa3 Qxa3 23. Ra2 {½-½ Mehar,C (2348)-Horvath,A (2533) Budapest Spring op 2019 (3)}) 17... Ne4 (17... a4 $142) 18. Bxe4 $11 dxe4 19. Nd2 Nf6 20. Nc4 Bxg3 21. hxg3 Nd5 22. Ba3 Qd7 23. Ne5 Qe6 24. Nxc6 $2 (24. Rxc6 $1 $14 {stays ahead.} Bxc6 25. Rxc6) 24... f6 $1 $17 25. Bb2 Rec8 {[%emt 0:00:35][%cal Rc8c6] Black is more active.} 26. Ne5 fxe5 27. dxe5 Rd8 28. Rd2 Rd7 $1 29. Rc4 Rad8 30. Rcd4 Bc6 (30... Qxe5 31. Rxd5 Qxd5 32. Rxd5 Rxd5 33. Bd4 $16) 31. Qc1 Bb7 (31... Bb5 $17 {Hoping for ...Ba6.} 32. Rxe4 Nf4 33. Rxd7 Ne2+ 34. Kh2 Qxd7) 32. a3 $2 (32. Qd1 $1 $11) 32... Rc8 (32... Qxe5 33. Rxd5 Qe7 34. Rxd7 Rxd7 35. a4 Rxd2 36. Qxd2 $18) (32... Ba6 $1 $19 {has better winning chances.} 33. b4 axb4 34. axb4 Bd3) 33. Qd1 h5 (33... Qxe5 $2 34. Rxd5 Qxd5 35. Rxd5 Rxd5 36. Qg4 $18) 34. b4 axb4 (34... Qxe5 $2 35. Rxd5 Qxd5 36. Rxd5 Bxd5 37. Qd4 $18) 35. axb4 b5 (35... Qxe5 $2 36. Rxd5 Qxd5 37. Rxd5 Rxd5 38. Qa4 $18) 36. Qb3 {[%emt 0:00:35] Dodges Rc4} (36. Qf1 $142) 36... Rcd8 (36... Qxe5 $6 37. Rxd5 Qe6 38. Rxd7 $11) 37. Qd1 Bc6 (37... Qxe5 38. Rxd5 Rxd5 39. Bxe5 Rxd2 40. Qb3+ Bd5 41. Qc3 $16) 38. Qc1 (38. Qa1 {was worth a try.}) 38... Ne7 39. Rc2 (39. Rxd7 {keeps fighting.} Rxd7 40. Rxd7 Bxd7 41. Qa1) 39... Rd5 (39... Qxe5 $2 40. Rxd7 $18) 40. Rxd5 Bxd5 41. Rd2 Rc8 42. Qa1 g5 43. Qa5 h4 (43... Qc6 $19 {And now ...Ra8 would win.} 44. Qa7 Nf5) 44. Qxb5 Kf7 (44... Bc4 {looks sharper.} 45. Qb7 hxg3 46. fxg3 Nd5) 45. Qe2 $2 {[%emt 0:00:19] White is weak on the light squares} (45. Qf1 $17 {is a better defense.}) 45... Rh8 $1 $19 46. g4 {[%emt 0:00:04] [#]} h3 $1 47. g3 h2+ 48. Kh1 Rb8 ({Black should play} 48... Rd8 $19 {...Bc4 would be deadly.} 49. Rc2 Bb3) 49. Qd1 {[%emt 0:00:15] [#]} Bb3 ({Inferior is} 49... Rxb4 50. Ba3 Rb5 51. Qf1 $17) (49... Rd8 $1 $19 50. Bd4 Bc4) 50. Qc1 $2 (50. Qe2 $17) 50... Qxg4 (50... Rxb4 51. Ba3 Rb7 52. Bxe7 Rxe7 53. Qb1 $19) 51. e6+ Bxe6 {[%emt 0:00:01] aiming for ...Qh3.} ({Worse is} 51... Qxe6 52. Qc3 $17) 52. Qc3 Qf3+ 53. Kxh2 Rg8 {[%emt 0:00:00] Inhibits Qg7+.} 54. b5 Qh5+ $2 ({Better is} 54... Nd5 $19 55. Qe5 Nf6) 55. Kg1 $11 {[%emt 0:00:02] Black must now prevent Qf6+.} Rg6 {[%emt 0:00:00] Against Qf6+} (55... Qf3 $5 56. Rd6 $8 Rg6 $11) 56. f4 $2 (56. Rd8 $11) 56... Rh6 (56... gxf4 $142 57. exf4 Rh6 58. Qg7+ Ke8 59. Qxh6 Qxh6) 57. Qg7+ $19 Ke8 {[%emt 0:00:00] ( -> ...Qh1+)} 58. Rg2 Qd1+ 59. Kf2 Qd2+ {[%emt 0:00:01] An entertaining game by Martinez Alcantara.   Weighted Error Value: White=0.49/Black=0.40} 0-1

[Event "AI Cup Div-3 2023"]
[Site "Online"]
[Date "2023.09.25"]
[Round "2.1"]
[White "Robson, Ray"]
[Black "Durarbayli, Vasif"]
[Result "0-1"]
[Annotator "TA"]
[ECO "B51"]
[WhiteElo "2699"]
[BlackElo "2625"]
[PlyCount "116"]
[EventDate "2023.09.18"]
[EventType "k.o."]
[EventCountry "NET"]
[SourceTitle "playchess.com"]
[Source "ChessBase"]
[SourceQuality "1"]
[TimeControl "900+3"]

1. e4 c5 2. Nf3 d6 3. Bb5+ Nd7 4. a4 Ngf6 5. Nc3 a6 6. Be2 {[%emt 0:00:01] B51: Sicilian: Moscow Variation (3 Bb5+) without 3...Bd7.} g6 7. a5 Bg7 8. O-O {[%emt 0:00:02] White has an edge.} O-O 9. d3 b5 10. axb6 Nxb6 11. e5 Nfd5 12. Nxd5 Nxd5 13. exd6 exd6 14. d4 Bb7 {[%emt 0:02:22] [#]} 15. c4 $146 ({Predecessor:} 15. c3 Qb6 16. dxc5 dxc5 17. Nd2 Qc7 18. Nc4 Rfd8 19. Qa4 Nb6 20. Nxb6 Qxb6 21. Qa5 {½-½ Csiki,E (2336)-Vantika,A (2367) Budapest Vezerkepzo GM-B 03 2023 (1)}) 15... Nb4 16. d5 Re8 17. Bg5 Qc7 18. Qd2 {[%emt 0:00:20] [#]} h6 $1 19. Be3 (19. Bf4 g5) 19... Bc8 20. Bd1 Kh7 21. Ba4 Re4 22. Rfc1 Bf5 23. Ra3 Qd8 24. h3 Qf6 25. Rb3 a5 26. Nh2 Ra7 27. Nf1 Bd7 {[%emt 0:00:27] Black is more active.} (27... Qh4 {with more complications.} 28. Bb5 Bxh3 29. Ng3 Rg4) 28. Bxd7 Rxd7 29. Ng3 Re8 30. Ra1 Qh4 31. Qc1 Rde7 32. Rxa5 f5 33. Ne2 {[%emt 0:00:59] Nf4 would be deadly.} Qe4 34. Nf4 Nc2 35. Ra4 Nxe3 36. fxe3 h5 37. Ne6 Bh6 {[%emt 0:00:00] Repels Ng5+} 38. Qd2 g5 39. Qd3 {[%emt 0:00:06] [#] Black must now prevent Qxe4.} Qe5 40. Ra1 {[%emt 0:00:09] Strongly threatening Rf1.} g4 $1 41. Rf1 Rf7 42. h4 Kg6 43. Rf2 $2 {[%emt 0:00:03] Black converts the advantage convincingly.} (43. Qe2 $11 {and White stays safe.}) 43... Qg3 $19 44. Qf1 $2 (44. Nf4+ Bxf4 45. Rxf4) 44... Qxh4 {[%emt 0:00:02] ...g3 is the strong threat.} (44... Bxe3 $2 {too greedy.} 45. Rxe3 Qxe3 46. Qe2 Qxe2 47. Rxe2 $19) 45. g3 $2 (45. Nf4+ Kg7 46. Rc2 (46. Ne6+ $2 Rxe6 47. dxe6 g3 $19)) 45... Qxg3+ 46. Rg2 Qe5 47. Qf2 Ra8 48. Qe1 {[%emt 0:00:04] Prevents Ra1} Rfa7 {[%emt 0:00:01] ( -> ...Ra1)} 49. Ra3 {[%emt 0:00:03] Repels Ra1} Rxa3 {[%emt 0:00:01] Black mates.} 50. bxa3 Qxe3+ 51. Qxe3 Bxe3+ {[%emt 0:00:00] KRB-KRN} 52. Kh1 Rxa3 53. Rb2 h4 54. Rb7 Ra1+ 55. Kh2 Ra2+ 56. Kh1 g3 57. Nf8+ Kh5 58. Rh7+ Kg4 {[%emt 0:00:01] An entertaining game by Durarbayli.   Weighted Error Value: White=0.68/Black=0.26 (precise)} 0-1

[Event "AI Cup Div-3 2023"]
[Site "Online"]
[Date "2023.09.25"]
[Round "2.1"]
[White "Xiong, Jeffery"]
[Black "Muradli, Mahammad"]
[Result "1/2-1/2"]
[Annotator "TA"]
[ECO "D61"]
[WhiteElo "2693"]
[BlackElo "2550"]
[PlyCount "35"]
[EventDate "2023.09.18"]
[EventType "k.o."]
[EventCountry "NET"]
[SourceTitle "playchess.com"]
[Source "ChessBase"]
[SourceQuality "1"]
[TimeControl "900+3"]

1. d4 Nf6 2. c4 e6 3. Nc3 d5 4. Bg5 Be7 5. e3 Nbd7 6. Nf3 h6 7. Bh4 O-O 8. Qc2 c5 9. dxc5 dxc4 10. Bxc4 Nxc5 11. O-O a6 {[%emt 0:00:49] D61: Queen's Gambit Declined: Classical: 7 Qc2.} 12. Rfd1 Qe8 {[%emt 0:00:11] [#]} 13. a4 $1 $146 {[%emt 0:00:35][%mdl 8] A relevant novelty.} ({Predecessor:} 13. b4 Ncd7 14. b5 Nc5 15. Rab1 b6 16. Ne5 Bb7 17. bxa6 Bxa6 18. Rxb6 Bxc4 19. Nxc4 {½-½ Artemiev,V (2704)-Nakamura,H (2736) Chessable Masters KO rapid 2021 (1.12)}) 13... b6 14. b4 Ncd7 15. b5 a5 {[%emt 0:01:15] The position is equal.} 16. Ne2 Bb7 17. Ned4 Rc8 $1 18. Qa2 {[%emt 0:00:02] Weighted Error Value: White=0.12 (very precise) /Black=0.00 (flawless)} 1/2-1/2

[Event "AI Cup Div-3 2023"]
[Site "Online"]
[Date "2023.09.25"]
[Round "2.1"]
[White "Esipenko, Andrey"]
[Black "Tomashevsky, Evgeny"]
[Result "0-1"]
[Annotator "TA"]
[ECO "C50"]
[WhiteElo "2683"]
[BlackElo "2694"]
[PlyCount "146"]
[EventDate "2023.09.18"]
[EventType "k.o."]
[EventCountry "NET"]
[SourceTitle "playchess.com"]
[Source "ChessBase"]
[SourceQuality "1"]
[TimeControl "900+3"]

1. e4 e5 2. Nf3 Nc6 3. Bc4 Bc5 4. d3 Nf6 5. Nc3 a6 6. Nd5 h6 7. Be3 d6 8. Bxc5 dxc5 9. a4 Be6 10. Ne3 Qe7 11. O-O Bxc4 12. Nxc4 b6 13. Ne3 g6 14. Nd2 O-O-O 15. f4 Rd7 16. Qf3 (16. Qe1 $14) 16... Nd4 $11 17. Qf2 $2 (17. Qd1 $1 $11 {and White stays safe.}) 17... exf4 $19 18. Nd5 Nxd5 19. exd5 Nxc2 20. Rac1 Ne3 21. Rfe1 g5 (21... Rxd5 22. Qxf4 Re5 23. d4 cxd4 24. Qxd4 $17) 22. Nc4 Rxd5 23. a5 b5 24. Nxe3 fxe3 25. Rxe3 Qd6 26. Qxf7 Rf8 $1 (26... Rxd3 $2 27. Qf5+ Qd7 28. Qxd3 $18) 27. Qg7 $2 (27. Qe6+ {was called for.} Kb7 28. Qxd6 cxd6 29. Re7+ Kc6 30. Ra7) 27... Qf4 $19 (27... Rxd3 28. Rxd3 Qf4 29. Rdd1 $18 (29. Rxc5 $2 Qf1#)) 28. Ree1 Kb7 (28... Rd7 29. Qe5 $17) 29. h3 Rxd3 (29... Rf7 $2 30. Qg6 $19) 30. Qxh6 (30. Qe5 $142 c4 31. Qxf4 Rxf4 32. Rc2) 30... Qd4+ (30... Rd2 $142 {( -> ...Qf2+)} 31. Qxf8 Qxf8) 31. Kh1 $19 Rf5 32. Qh7 (32. Qe6 $142 Rf2 33. b3) 32... Rd5 33. Re7 Rd7 $2 (33... Qxb2 {is a self mate.} 34. Rxc7+ Kb8 35. Rb7+ (35. R1xc5 $2 Rd1+ 36. Kh2 Qe5+ 37. g3 Qe2#) 35... Ka8 36. Ra7+ Kb8 37. Qc7#) ({Black should play} 33... Qf4 $19 34. Rce1 Rd1) 34. Rxd7 $15 Qxd7 35. Qxd7 Rxd7 36. Rxc5 Rd2 37. Rxg5 Rxb2 38. h4 {[%emt 0:00:01] [#]} (38. Kh2 $1 $11 {keeps the balance.}) 38... Re2 ({Better is} 38... Rb4 $1 $17 39. g3 Ra4) 39. h5 $11 b4 40. h6 $2 {[%emt 0:00:36][%mdl 8192] [#]} (40. Rg4 $11 c5 41. Rg6) 40... Re6 $1 $19 41. Rh5 b3 42. h7 b2 43. h8=Q b1=Q+ 44. Kh2 Re1 45. Rh3 Rh1+ 46. Kg3 Qe1+ 47. Kg4 Qe4+ (47... Qe2+ $142 48. Kg3 Rg1) 48. Kg3 $19 Qe1+ 49. Kg4 Qe6+ $2 (49... Qe2+ 50. Kg3 Rg1) 50. Kg5 $2 (50. Kf4 $19 Qc4+ 51. Kg3 Qd3+ 52. Kh4 Qe4+ 53. Kg3 Qe1+) 50... Qd5+ 51. Kf4 Rb1 $2 (51... Qd2+ 52. Kg3 Qg5+ 53. Kf2 Qf4+ 54. Ke2 Qe4+ 55. Kf2 Qe1+ 56. Kf3 Rf1+ 57. Kg4 Qe4+ 58. Kh5 Rf5+ 59. Kh6 Qc6+ 60. Kh7 Rf7+ 61. Qg7 Rxg7+ 62. Kxg7 Qxg2+ 63. Kh6 Qxh3+ 64. Kg6 Qf3 65. Kh6 Kc6 66. Kh7 Kd5 67. Kh8 Ke6 68. Kh7 Qg3 69. Kh8 Kf7 70. Kh7 Qh4#) 52. Rf3 $2 (52. Qc3) 52... Rb4+ $2 (52... Qxa5 $2 {loses.} 53. Qc3 Qd5 54. Qd3 Rb4+ 55. Kg3 Qg5+ 56. Kh2 $19) (52... Qd6+ $19 53. Ke3 Qe6+ 54. Kf4 Rb4+ 55. Kg3 Qe1+ 56. Kh2 Rh4+ {[%mdl 64] Discovered Attack} 57. Qxh4 Qxh4+ 58. Kg1 Qe1+ 59. Rf1 Qxa5 60. Rb1+ Kc6 61. Rc1+ Kd7 62. Rd1+ Ke6) 53. Kg3 $17 Qg5+ 54. Kh3 Qxa5 (54... Ka7 $17 55. Rf8 Qd5) 55. Qe8 $2 (55. Rf8 $11 {and White has nothing to worry.}) 55... Qd5 (55... Qg5 $19 {[%csl Gg5][%cal Rb4h4] has better winning chances.} 56. g3 a5) 56. Qe2 $2 (56. Rf8 $17 Ka7 57. Qf7 Rb3+ 58. Kh2 Qe5+ 59. Qf4 Qh5+ 60. Kg1) 56... a5 $2 (56... Qh5+ {mates} 57. Kg3 Qh4#) 57. Kh2 $2 (57. Rf6 $19 Rb5 58. Rf4) 57... a4 (57... Qh5+ $142 58. Kg1 Rb1+ 59. Kf2 Qh4+ 60. g3 Qh2+ 61. Ke3 Rb3+ 62. Kf4 Qxe2 63. Rxb3+ Kc6 64. Re3 Qd2 65. Kf3 a4 66. g4 Qd1+ {[%mdl 64] Deflection} 67. Kg2 Qxg4+ 68. Kh1 Qd1+ 69. Kg2 Qd2+ 70. Kf3 Qxe3+ {[%mdl 64] Remove Defender, Promotion} 71. Kxe3 a3 72. Ke2 a2 73. Kf3 Kd5 74. Kg4 a1=Q 75. Kf4 Qc3 76. Kg5 Qe5+ 77. Kh4 Ke4 78. Kh3 Qg7 79. Kh2 Kf3 80. Kh3 Qh8#) 58. Rd3 Qc6 59. Qe7 $2 (59. Qd2 $19 Rb5 60. Ra3) 59... Qh6+ 60. Rh3 Qf4+ 61. Rg3 Qh4+ (61... Rb3 $142 62. Kh1 Rxg3 63. Qe2 Rb3 64. Qa2 Qf1+ 65. Kh2 Qc1 66. g4 Qe1 67. Qg2+ Kb8 68. Qc2 Qg3+ 69. Kh1 Qh3+ 70. Kg1 Rg3+ 71. Kf2 Qh2+ {[%mdl 64] Skewer} 72. Kf1 Rg1#) 62. Qxh4 $19 Rxh4+ 63. Kg1 Kb6 64. Kf2 c5 65. Ke2 Rd4 66. Rg8 Kb5 67. g4 a3 68. Rb8+ Kc4 69. g5 a2 ({Don't go for} 69... Re4+ $2 70. Kf3 Rd4 71. Ra8 $19) 70. Ra8 Kb3 71. g6 Rg4 72. Rb8+ Kc3 73. Ra8 Rxg6 (73... Kb2 $142 74. Rb8+ Kc3 75. Ra8 Rxg6 76. Kf2 Rb6 77. Ke3 Kb2 78. Ke4 Rb3 79. Ke5 a1=Q 80. Rxa1 Kxa1 81. Kd5 Rc3 82. Ke4 c4 83. Ke5 Rd3 84. Kf4 c3 85. Ke4 Rd1 86. Kf5 c2 87. Kf6 c1=Q 88. Ke5 Qe3+ 89. Kf5 Rf1+ 90. Kg4 Qg1+ 91. Kh3 Rf8 92. Kh4 Rh8#) 0-1

[Event "AI Cup Div-3 2023"]
[Site "Online"]
[Date "2023.09.25"]
[Round "2.1"]
[White "Mamedov, Rauf"]
[Black "Malakhov, Vladimir"]
[Result "1-0"]
[Annotator "ChessBase"]
[ECO "C50"]
[WhiteElo "2640"]
[BlackElo "2646"]
[PlyCount "79"]
[EventDate "2023.09.18"]
[EventType "k.o."]
[EventCountry "NET"]
[SourceTitle "playchess.com"]
[Source "ChessBase"]
[SourceQuality "1"]
[TimeControl "900+3"]

1. e4 e5 2. Nf3 Nc6 3. Bc4 Bc5 4. Nc3 Nf6 5. d3 O-O 6. Bg5 Be7 7. h3 d6 8. O-O Be6 9. Bb3 Qd7 10. d4 exd4 11. Nxd4 Nxd4 12. Qxd4 h6 13. Bh4 Nh5 14. Bxe7 Qxe7 15. f4 Nf6 16. Rae1 Bxb3 17. axb3 c6 18. Rf3 Rfe8 19. Rfe3 a6 20. e5 dxe5 21. fxe5 Nd7 22. Ne4 Red8 23. Nd6 Nxe5 24. Nf5 Rxd4 25. Nxe7+ Kf8 26. Rxe5 g6 27. Rf1 Rd6 28. h4 h5 29. c4 Kg7 30. Rg5 Rd3 31. Nf5+ Kh7 32. Ng3 f5 33. Re1 Rd7 34. Re6 Rg8 35. Ne2 Rd3 36. Nf4 Rxb3 37. Nxg6 Rxb2 38. Rxh5+ Kg7 39. Rxf5 Rd8 40. Ne5 1-0

[Event "AI Cup Div-3 2023"]
[Site "Online"]
[Date "2023.09.25"]
[Round "2.1"]
[White "Meier, Georg"]
[Black "Rakhmanov, Aleksandr"]
[Result "1/2-1/2"]
[Annotator "ChessBase"]
[ECO "D79"]
[WhiteElo "2628"]
[BlackElo "2614"]
[PlyCount "114"]
[EventDate "2023.09.18"]
[EventType "k.o."]
[EventCountry "NET"]
[SourceTitle "playchess.com"]
[Source "ChessBase"]
[SourceQuality "1"]
[TimeControl "900+3"]

1. Nf3 d5 2. g3 g6 3. d4 Bg7 4. Bg2 Nf6 5. c4 c6 6. cxd5 cxd5 7. Nc3 O-O 8. Ne5 e6 9. O-O Bd7 10. Qb3 Bc6 11. e3 Qb6 12. Nxc6 bxc6 13. Qc2 Nbd7 14. Na4 Qb7 15. Bd2 a5 16. Rfc1 Rfc8 17. a3 Ne8 18. Rab1 Nd6 19. Be1 Nc4 20. Bf1 Ncb6 21. Qb3 Rcb8 22. Rc2 e5 23. Rbc1 exd4 24. Rxc6 Nxa4 25. Qxa4 Ne5 26. Rc7 Qxb2 27. exd4 Nf3+ 28. Kg2 Nxe1+ 29. Rxe1 Qxd4 30. Qd7 Rf8 31. Re7 Rad8 32. Qb5 Bf6 33. Re3 a4 34. Rf3 Rd6 35. Rf4 Qb2 36. Qxa4 Kg7 37. Rc2 Qb7 38. Be2 Ra8 39. Qb4 Qxb4 40. axb4 Be5 41. Rf3 h5 42. b5 Bd4 43. Rb3 Bb6 44. Bf3 Rad8 45. Rc6 Rf6 46. h3 Rdd6 47. Rbc3 d4 48. Rd3 Rfe6 49. Kf1 Kf8 50. h4 Kg7 51. Kg2 Rf6 52. Kg1 Kf8 53. Kf1 Rfe6 54. Bg2 Kg7 55. Bf3 Kf8 56. Rc8+ Kg7 57. Rc6 Kf8 1/2-1/2

[Event "AI Cup Div-3 2023"]
[Site "Online"]
[Date "2023.09.25"]
[Round "2.1"]
[White "Paravyan, David"]
[Black "Sevian, Samuel"]
[Result "1/2-1/2"]
[Annotator "TA"]
[ECO "B07"]
[WhiteElo "2599"]
[BlackElo "2698"]
[PlyCount "52"]
[EventDate "2023.09.18"]
[EventType "k.o."]
[EventCountry "NET"]
[SourceTitle "playchess.com"]
[Source "ChessBase"]
[SourceQuality "1"]
[TimeControl "900+3"]

1. e4 Nc6 2. Nf3 d6 3. d4 g6 4. d5 Nb8 5. Bd3 Bg7 6. O-O Nf6 7. Re1 {[%emt 0:00:01] B07: Pirc Defence: Miscellaneous Systems.} O-O 8. h3 c6 9. c4 {[%emt 0:00:02] White is slightly better.} Na6 10. Nc3 Nc5 11. Bc2 a5 12. Be3 cxd5 13. exd5 Bd7 14. Qe2 Re8 15. Rad1 {[%emt 0:00:22] [#]} Rc8 $146 ({Predecessor:} 15... a4 16. Bd4 Qa5 17. Qd2 Rac8 18. Re3 Na6 19. Qe2 e5 20. dxe6 Bxe6 21. b3 axb3 22. axb3 {0-1 Manukyan,S (2253)-Matinian,N (2475) Titled Tuesday intern op 5th May blitz 2020 (5)}) 16. a3 {[%emt 0:00:39] White is more active.} Nh5 17. Qd2 (17. Nd4 {keeps more tension.} a4 18. Ndb5 Qa5 19. g4) 17... Nf6 18. Nd4 a4 19. Ncb5 Bxb5 20. Nxb5 Nfd7 21. Bd4 Bxd4 22. Qxd4 Nb6 $1 23. Na7 Ra8 24. Nb5 Rc8 $1 25. Na7 (25. Qf4 $5 ) 25... Ra8 26. Nb5 Rc8 $1 {[%emt 0:00:38] Weighted Error Value: White=0.15 (very precise) /Black=0.07 (flawless)} 1/2-1/2

[Event "AI Cup Div-3 2023"]
[Site "Online"]
[Date "2023.09.25"]
[Round "2.1"]
[White "Vaibhav, Suri"]
[Black "Alekseev, Evgeny"]
[Result "0-1"]
[Annotator "ChessBase"]
[ECO "C65"]
[WhiteElo "2588"]
[BlackElo "2573"]
[PlyCount "52"]
[EventDate "2023.09.18"]
[EventType "k.o."]
[EventCountry "NET"]
[SourceTitle "playchess.com"]
[Source "ChessBase"]
[SourceQuality "1"]
[TimeControl "900+3"]

1. e4 e5 2. Nf3 Nc6 3. Bb5 Nf6 4. d3 Bc5 5. Ba4 O-O 6. O-O d6 7. c3 Ne7 8. h3 Ng6 9. Re1 Bb6 10. d4 c6 11. Bc2 Re8 12. Nbd2 h6 13. Nf1 Nh7 14. Ng3 Ng5 15. Be3 Qf6 16. Nh2 Be6 17. Nh5 Qe7 18. f4 exf4 19. Nxf4 Nxf4 20. Bxf4 Bxh3 21. e5 dxe5 22. Rxe5 Qf6 23. Qe2 Bd7 24. Rf1 Rxe5 25. Bxe5 Qe7 26. Ng4 Bxg4 0-1

[Event "AI Cup Div-3 2023"]
[Site "Online"]
[Date "2023.09.25"]
[Round "2.2"]
[White "Sevian, Samuel"]
[Black "Paravyan, David"]
[Result "1-0"]
[Annotator "TA"]
[ECO "A13"]
[WhiteElo "2698"]
[BlackElo "2599"]
[PlyCount "89"]
[EventDate "2023.09.18"]
[EventType "k.o."]
[EventCountry "NET"]
[SourceTitle "playchess.com"]
[Source "ChessBase"]
[SourceQuality "1"]
[TimeControl "900+3"]

1. Nf3 d5 2. e3 Nf6 3. c4 e6 4. b3 c5 5. Bb2 Nc6 6. cxd5 exd5 7. Bb5 Bd6 8. O-O O-O {[%emt 0:00:01] A13: English Opening: 1...e6.} 9. Bxc6 bxc6 10. d3 a5 {[%emt 0:00:04][%cal Oa5a4] Black has an edge.} 11. Nbd2 {[%emt 0:05:12] [#]} Re8 $146 ({Predecessor:} 11... a4 12. Be5 Be7 13. Qc2 Bf5 14. Rfd1 Nd7 15. Bg3 Qa5 16. Rac1 Qb5 17. e4 Be6 18. Re1 h6 {½-½ Rakhmanov,A (2640)-Potkin,V (2571) RUS-chT 29th 2022 (1.1)}) 12. Rc1 Bf5 13. d4 cxd4 14. Nxd4 Bg4 15. f3 (15. Nxc6 $14 Bxh2+ 16. Kh1) 15... Bd7 {[%emt 0:00:24] This pair of bishops is nice.} 16. Nxc6 Bxc6 17. Rxc6 Rxe3 {[%emt 0:00:04] [#]} 18. Rxd6 $1 {[%emt 0:00:15][%mdl 64] Decoy} Qxd6 {[%emt 0:00:06] [#]} 19. Nc4 $1 {[%emt 0:00:01][%mdl 64] Pin, Double Attack} Qe6 (19... Qe7 20. Nxe3) 20. Nxe3 Qxe3+ 21. Kh1 Re8 22. Bd4 $1 ({Of course not} 22. Bxf6 gxf6 23. Qxd5 Qf2 $11) 22... Qe2 23. a4 Nd7 24. h3 f6 ({Better is} 24... h6) 25. Bc3 {[%emt 0:00:19][%csl LRa5,LRd5][%cal Bd4c3,Bc3a5,Ba5c7][%mdl 96] Discovered Attack} Qxd1 26. Rxd1 $16 {[%emt 0:00:00][%mdl 4096] Endgame KRB-KRN} Re3 27. Bxa5 Rxb3 28. Rxd5 Ne5 (28... Nf8 $16 {was called for.} 29. Rb5 Ra3) 29. Bc7 $1 $18 Nc4 30. Rc5 Ne3 31. a5 Ra3 {[%emt 0:00:06] [#]} 32. Bb6 $1 h6 33. Kg1 {[%emt 0:00:48] Strongly threatening Kf2.} Kh7 $2 (33... Kf7 {might work better.} 34. Rc7+ Kg6 35. Bxe3 Rxe3) 34. Kf2 Nd1+ 35. Ke2 Nb2 (35... Ne3 36. g3 Kg6) 36. Bc7 Na4 37. Rf5 {[%emt 0:00:48] And now Kd2 would win.} Kg6 {[%emt 0:01:05] [#]} 38. g4 $1 Kf7 39. Kd2 Nc3 $2 (39... Nb2 40. Kc2 Nc4) 40. Bd6 {[%emt 0:00:11] White is clearly winning.} Nb1+ 41. Kc2 Ra1 42. Kb2 {[%emt 0:00:00][%mdl 64] Deflection} Ra4 43. Kxb1 g6 44. Rb5 {[%emt 0:00:01] Threatens to win with Bb4.} Ke6 45. Bf8 {[%emt 0:00:02] Weighted Error Value: White=0.17 (very precise) /Black=0.30} 1-0

[Event "AI Cup Div-3 2023"]
[Site "Online"]
[Date "2023.09.25"]
[Round "2.2"]
[White "Tomashevsky, Evgeny"]
[Black "Esipenko, Andrey"]
[Result "1-0"]
[Annotator "TA"]
[ECO "D35"]
[WhiteElo "2694"]
[BlackElo "2683"]
[PlyCount "71"]
[EventDate "2023.09.18"]
[EventType "k.o."]
[EventCountry "NET"]
[SourceTitle "playchess.com"]
[Source "ChessBase"]
[SourceQuality "1"]
[TimeControl "900+3"]

1. d4 Nf6 2. Nf3 e6 3. c4 d5 4. Nc3 c6 5. cxd5 exd5 6. Bg5 h6 7. Bh4 Nbd7 {[%emt 0:00:27] D35: Queen's Gambit Declined: Exchange Variation.} 8. e3 g5 9. Bg3 Nh5 {[%emt 0:00:00] The position is equal.} 10. Bd3 Nxg3 11. hxg3 Bg7 12. Qc2 Qe7 13. O-O-O Nb6 14. Kb1 Be6 15. Rc1 O-O-O 16. Na4 Nxa4 17. Qxa4 Kb8 18. Rc3 Rc8 19. Rhc1 Qd7 20. Nd2 {[%emt 0:00:25] [#]} Bf5 $146 ({Predecessor:} 20... Rc7 21. Nb3 b6 22. Rxc6 Rhc8 23. Bb5 Rxc6 24. Bxc6 Qd6 25. Qb5 Rc7 26. a4 Bf8 {1-0 Girya,O (2476)-Buksa,N (2410) EU-ch rapid (Women) 2019 (3)}) 21. Qc2 Bxd3 22. Qxd3 b6 23. R3c2 Rc7 24. Nf3 Qe6 25. Qb3 Ka8 26. Ne1 Rb8 27. Nd3 c5 28. Qb5 (28. dxc5 $2 {loses.} bxc5 29. Nxc5 Rxc5 $19) 28... Qe4 29. a3 Rcb7 30. Ka2 cxd4 $2 (30... Qg6 $11 {and Black is okay.}) 31. exd4 ({Better is} 31. Nb4 $1 $18 {[%cal Rb4a6] aiming for Na6.} d3 32. Nxd3 (32. Qxd3 Qxd3 33. Nxd3 Rd7 $14)) 31... Bxd4 $2 {[%emt 0:00:43] [#]} (31... Qe8 $16 {was necessary.} 32. Qxd5 Qd7 33. Qxd7 Rxd7) 32. Nb4 $1 $18 Bc5 (32... Qxg2 $2 33. Nc6 $18) 33. Re2 Qf5 {[%emt 0:00:12] [#]} (33... Qxg2 $2 34. Na6 d4 35. Nxb8 Rxb8 36. b4) 34. Na6 $1 Rd8 (34... Rc8 $2 35. Re8 Qd7 36. Rce1 $18) 35. Re8 Qd7 {[%emt 0:00:13] [#]} (35... Qc8 36. Rxd8 Qxd8) 36. Rce1 $1 {[%emt 0:00:14] Weighted Error Value: White=0.06 (flawless) /Black=0.21 (precise)} 1-0

[Event "AI Cup Div-3 2023"]
[Site "Online"]
[Date "2023.09.25"]
[Round "2.2"]
[White "Malakhov, Vladimir"]
[Black "Mamedov, Rauf"]
[Result "1/2-1/2"]
[Annotator "ChessBase"]
[ECO "B31"]
[WhiteElo "2646"]
[BlackElo "2640"]
[PlyCount "66"]
[EventDate "2023.09.18"]
[EventType "k.o."]
[EventCountry "NET"]
[SourceTitle "playchess.com"]
[Source "ChessBase"]
[SourceQuality "1"]
[TimeControl "900+3"]

1. e4 c5 2. Nf3 Nc6 3. Bb5 g6 4. Bxc6 dxc6 5. d3 Bg7 6. h3 Nf6 7. Nc3 Nd7 8. Be3 b6 9. Qd2 e5 10. Bh6 Bf6 11. Nh2 Nf8 12. Ng4 Bxg4 13. hxg4 Ne6 14. Ne2 Qe7 15. O-O-O O-O-O 16. Be3 Kb7 17. g3 h5 18. gxh5 gxh5 19. f4 h4 20. gxh4 exf4 21. Nxf4 Nxf4 22. Bxf4 Rxh4 23. Rxh4 Bxh4 24. Qg2 Qe6 25. b3 Qf6 26. Qg4 Qa1+ 27. Kd2 Rxd3+ 28. Kxd3 Qd4+ 29. Ke2 Qxe4+ 30. Kf1 Qh1+ 31. Ke2 Qe4+ 32. Kf1 Qh1+ 33. Ke2 Qe4+ 1/2-1/2